 Dungeon Crawl Stone Soup version 0.29-a0-356-g7bc237e783 (webtiles) character file.

Game seed: 5394193566723767368

86 thiscave3701365 the Chopper (level 4, -1/60 HPs)
             Began as a Minotaur Berserker on Apr 26, 2022.
             Was a Believer of Trog.
             Slain by a gnoll
             ... wielding a +0 halberd
              (2 damage)
             ... on level 2 of the Dungeon.
             The game lasted 00:01:21 (1707 turns).

thiscave3701365 the Chopper (Minotaur Berserker)    Turns: 1707, Time: 00:01:22

Health: -1/60      AC: 11    Str: 24    XL:     4   Next: 27%
Magic:  3/3        EV:  8    Int:  4    God:    Trog [**....]
Gold:   86         SH:  0    Dex:  9    Spells: 3/3 levels left

rFire   . . .      SeeInvis .   a - +0 hand axe
rCold   . . .      Faith    .   (no shield)
rNeg    . . .      Spirit   .   o - +0 chain mail
rPois   .          Reflect  .   (helmet restricted)
rElec   .          Harm     .   (no cloak)
rCorr   .          Rampage  .   n - +1 pair of gloves
Will    .....                   (no boots)
Stlth   ..........              (no amulet)
HPRegen 0.20/turn               (no ring)
MPRegen 0.08/turn               (no ring)

@: berserking, very quick
A: horns 2, retaliatory headbutt
a: Renounce Religion, Berserk, Trog's Hand


You were on level 2 of the Dungeon.
You worshipped Trog.
Trog was pleased with you.
You visited 1 branch of the dungeon, and saw 2 of its levels.

You collected 86 gold pieces.

Inventory:

Hand Weapons
 a - a +0 hand axe (weapon)
Armour
 n - a +1 pair of gloves (worn)
 o - a +0 chain mail (worn)
Jewellery
 m - a ring of magical power
Scrolls
 b - a scroll of amnesia {unknown}
 g - a scroll of immolation {unknown}
 k - 2 scrolls of teleportation {unknown}
 l - 2 scrolls of identify {unknown}
Potions
 c - a potion of berserk rage {unknown}
 d - a potion of heal wounds {unknown}
 e - a potion of degeneration {unknown}
 f - 2 potions of brilliance {unknown}
 h - a potion of resistance {unknown}
 i - a potion of ambrosia {unknown}
 j - 2 potions of magic {unknown}


   Skills:
 - Level 4.1 Fighting
 + Level 5.5 Axes
 - Level 2.6 Armour
 - Level 2.4 Dodging
 - Level 0.1 Stealth


You had 3 spell levels left.
You didn't know any spells.
Your spell library was empty.

Dungeon Overview and Level Annotations

Branches:
Dungeon (2/15)

Altars:


Innate Abilities, Weirdness & Mutations

You have a pair of horns on your head.
You reflexively headbutt those who attack you in melee.


Message History

The gnoll hits you with a +0 halberd! The gnoll barely misses you.
Unknown command.
You are too injured to fight recklessly!
You are too injured to fight recklessly!
Unknown command.
You are too injured to fight recklessly!
Unknown command.
You are too injured to fight recklessly!
You are too injured to fight recklessly!
You are too injured to fight recklessly!
Unknown command.
A red film seems to cover your vision as you go berserk!
You feel yourself moving faster!
You feel mighty! The gnoll hits you with a +0 spear.
The gnoll hits you with a +0 halberd.
You are too injured to fight recklessly!
You are too injured to fight recklessly!
Unknown command.
You are too injured to fight recklessly!
You barely miss the gnoll. You headbutt the gnoll!
You feel the power of Trog in you as your rage grows.
You kill the gnoll!
Trog accepts your kill.
You closely miss the kobold. You closely miss the gnoll.
The gnoll drinks a potion.
The gnoll seems to grow stronger.
The kobold hits you but does no damage. The gnoll hits you but does no damage.
You barely miss the gnoll. You slash the kobold!
You kill the kobold!
Trog accepts your kill.
You closely miss the gnoll.
The gnoll hits you from afar with a +0 halberd!
* * * LOW HITPOINT WARNING * * *
The gnoll hits you with a +0 halberd.
* * * LOW HITPOINT WARNING * * *
You barely miss the gnoll. The gnoll barely misses you.
The gnoll hits you but does no damage.
You closely miss the gnoll.
Unknown command.
You barely miss the gnoll.
The gnoll hits you from afar with a +0 halberd.
You die...

#..# ....
######.## .....
#...†...# .....
#.......##......
#........#......
...........#......
###.######..##
#.#.....)..# #
#.....@..#
#....g)..#
#....g....#
#.........#
#..........#
####)....#.#
#.###.#.. .. .# ..


You could see 2 gnolls.

Vanquished Creatures
  A gnoll (D:2)
  3 adders (D:2)
  2 dart slugs (D:1)
  7 ball pythons
  6 endoplasms
  2 giant cockroaches (D:1)
  2 goblins
  5 hobgoblins
  4 jackals (D:2)
  A quokka (D:1)
  A bat (D:1)
  4 frilled lizards (D:1)
  4 kobolds
  2 rats (D:1)
44 creatures vanquished.

Notes
Turn   | Place    | Note
-------+----------+-------------------------------------------
     0 | D:1      | thiscave3701365 the Minotaur Berserker began the quest for
                  | the Orb.
     0 | D:1      | Reached XP level 1. HP: 19/19 MP: 0/0
   259 | D:1      | Reached skill level 4 in Axes
   404 | D:1      | Reached XP level 2. HP: 20/27 MP: 1/1
   977 | D:1      | Reached XP level 3. HP: 27/33 MP: 2/2
  1226 | D:1      | Found a faded altar of an unknown god.
  1441 | D:2      | Reached skill level 5 in Axes
  1600 | D:2      | Reached ** piety under Trog
  1628 | D:2      | Reached XP level 4. HP: 35/40 MP: 3/3
  1704 | D:2      | HP: 1/60 [gnoll/+0 halberd (6)]
  1707 | D:2      | Slain by a gnoll

Illustrated notes

Levels and vault maps discovered:
D:1:      dpeg_arrival_tiny_a, layout_loops_cross,
          dreamdust_ecumenical_altar_angels_and_demons
D:2:      layout_basic, roderic_serpentine_path

Skill      XL: |  1  2  3 |
---------------+----------+-----
Axes           | 4 5 |  5.5
Fighting       | 4 |  4.1
Armour         | |  2.6
Dodging        | |  2.4
Stealth        | |  0.1

Action                   |  1- 3 |  4- 6 || total
-------------------------+-------+-------++-------
Melee: Hand axe          |    91 |    11 ||   102
       Headbutt          |     9 |     1 ||    10
       Punch             |     1 |       ||     1
Invok: Berserk           |     4 |     1 ||     5
Armor: Animal skin       |     8 |       ||     8
       Chain mail        |    23 |     7 ||    30
Dodge: Dodged            |    53 |     3 ||    56

Table legend: (Time is in decaauts)
 A = Elapsed time spent in this place.
 B = Non-inter-level travel time spent in this place.
 C = Inter-level travel time spent in this place.
 D = Time resting spent in this place.
 E = Time spent auto-exploring this place.
 F = Levels seen in this place.
 G = Mean time per level.
                   A        B        C        D        E       F      G
               +--------+--------+--------+--------+--------+-----+--------+
         Total |   1747 |   1686 |     61 |    266 |   1154 |   2 |  873.5 |
       Dungeon |   1747 |   1686 |     61 |    266 |   1154 |   2 |  873.5 |
               +--------+--------+--------+--------+--------+-----+--------+

Top non-repeatable levels by time:
     D:1: 1411 daAuts
     D:2: 335 daAuts
